 Dungeon Crawl Stone Soup version 0.29.1-15-g9cfb28693d (webtiles) character file.

Game seed: 6743489971589796753

9 Lanemaroo the Sneak (level 2, -1/18 HPs)
             Began as a Kobold Brigand on Mar 13, 2023.
             Slain by a jackal (2 damage)
             ... on level 1 of the Dungeon.
             The game lasted 00:03:29 (286 turns).

Lanemaroo the Sneak (Kobold Brigand)                 Turns: 286, Time: 00:03:29

Health: -1/18      AC:  3    Str:  8    XL:     2   Next: 25%
Magic:  2/2        EV: 14    Int: 12    God:
Gold:   6          SH:  0    Dex: 16    Spells: 1/1 levels left

rFire   . . .      SeeInvis .   a - +2 dagger
rCold   . . .      Faith    .   (no shield)
rNeg    . . .      Spirit   .   b - +0 robe
rPois   .          Reflect  .   (no helmet)
rElec   .          Harm     .   c - +0 cloak
rCorr   .          Rampage  .   (no gloves)
Will    .....                   (no boots)
Stlth   ++++......              (no amulet)
HPRegen 0.06/turn               (no ring)
MPRegen 0.08/turn               (no ring)

@: no status effects
A: small, no large weapons, nightstalker 3
a: no special abilities


You were on level 1 of the Dungeon.
You visited 1 branch of the dungeon, and saw 1 of its levels.

You collected 6 gold pieces.

Inventory:

Hand Weapons
 a - a +2 dagger (weapon)
Missiles
 d - 9 poisoned darts (quivered)
 e - 3 curare-tipped darts
 i - 6 boomerangs
Armour
 b - a +0 robe (worn)
 c - a +0 cloak (worn)
Scrolls
 f - a scroll of identify
 h - a scroll of teleportation
Potions
 g - a potion of curing {unknown}


   Skills:
 + Level 2.3 Fighting
 + Level 2.6 Short Blades
 + Level 2.3 Throwing
 + Level 1.2 Dodging
 + Level 5.8 Stealth


You had one spell level left.
You didn't know any spells.
Your spell library was empty.

Dungeon Overview and Level Annotations

Branches:
Dungeon (1/15)

Altars:


Innate Abilities, Weirdness & Mutations

You are small and have problems with some larger weapons.
You are completely attuned to the shadows.


Message History

The jackal bites you.
The jackal bites you but does no damage.
You closely miss the jackal.
The jackal is moderately wounded.
The jackal bites you.
You barely miss the jackal.
The jackal is moderately wounded.
The jackal bites you.
You barely miss the jackal.
The jackal is moderately wounded.
You barely miss the jackal. The jackal bites you.
You barely miss the jackal. The jackal bites you.
The jackal attacks as you move away! The jackal closely misses you.
The jackal bites you but does no damage.
The jackal attacks as you move away! The jackal misses you.
The jackal misses you. The jackal attacks as you move away!
The jackal bites you but does no damage.
The jackal attacks as you move away! The jackal barely misses you.
The jackal completely misses you. The jackal barely misses you.
The jackal attacks as you move away! The jackal barely misses you.
The jackal attacks as you move away! The jackal closely misses you. x2
The jackal attacks as you move away! The jackal closely misses you.
The jackal attacks as you move away! The jackal barely misses you.
The jackal attacks as you move away!
The jackal bites you but does no damage.
The jackal misses you. The jackal attacks as you move away!
The jackal closely misses you. The jackal bites you.
The jackal attacks as you move away! The jackal bites you.
The jackal bites you.
* * * LOW HITPOINT WARNING * * *
The jackal attacks as you move away! The jackal closely misses you.
The jackal bites you.
* * * LOW HITPOINT WARNING * * *
The jackal attacks as you move away! The jackal bites you.
* * * LOW HITPOINT WARNING * * *
The jackal attacks as you move away! The jackal misses you.
The jackal attacks as you move away! The jackal bites you.
You die...

#### ##### #...##...#
#......###### ##############
#...##........###.............
##.# ##......@hh.............#
#.####.#.###h####.#########.#
#.##.......#..............#.#
####...........####..........#.h
.....##...>....####..######.....
#####.#.......>.......#
####..#..
...............#####.##
#.....#.# .####.##.......# #.#
#.##..#.# #.##.......# #.#
#.##..#.#


You could see 3 jackals.

Vanquished Creatures
  A ball python (D:1)
  An endoplasm (D:1)
  A goblin (D:1)
  A kobold (D:1)
  2 quokkas (D:1)
  A frilled lizard (D:1)
  A rat (D:1)
8 creatures vanquished.

Vanquished Creatures (others)
  2 plants (D:1)
2 creatures vanquished.

Grand Total: 10 creatures vanquished

Notes
Turn   | Place    | Note
-------+----------+-------------------------------------------
     0 | D:1      | Lanemaroo the Kobold Brigand began the quest for the Orb.
     0 | D:1      | Reached XP level 1. HP: 12/12 MP: 1/1
   106 | D:1      | Reached XP level 2. HP: 18/18 MP: 2/2
   286 | D:1      | Slain by a jackal

Illustrated notes

Levels and vault maps discovered:
D:1:      spicycebolla_arrival_clurvy, layout_loops_ring, basic_ecumenical_altar

Action                   || total
-------------------------++-------
Melee: Dagger            ||    31
  Use: Scroll            ||     1
 Stab: Sleeping          ||     6
Armor: Robe              ||     5
Dodge: Dodged            ||    26
